 Dungeon Crawl Stone Soup version 0.25-a0-424-g80bd347ae0 (webtiles) character file.

Game seed: 3887495743025553808, levelgen mode: deterministic

569 DerDa the Shield-Bearer (level 7, -8/37 HPs)
             Began as a Vine Stalker Fighter on Jan 21, 2020.
             Was an Initiate of Uskayaw.
             Mangled by an ogre
             ... wielding a +0 giant club
              (23 damage)
             ... on level 4 of the Dungeon.
             The game lasted 00:09:19 (2675 turns).

DerDa the Shield-Bearer (Vine Stalker Fighter)      Turns: 2675, Time: 00:09:25

Health: -8/37      AC: 12    Str: 19    XL:     7   Next: 33%
Magic:  0/8        EV:  6    Int:  8    God:    Uskayaw [......]
Gold:   176        SH: 10    Dex: 19    Spells: 6/6 levels left

rFire    . . .     SeeInvis .   a - +0 long sword
rCold    + . .     Gourm    .   c - +0 shield
rNeg     . . .     Faith    .   D - +2 chain mail {rC+}
rPois    .         Spirit   +   (no helmet)
rElec    .         Reflect  .   (no cloak)
rCorr    .         Harm     .   o - +0 pair of gloves
MR       .....                  (no boots)
Stlth    ..........             n - amulet of magic regeneration
HPRegen  0.52/turn              y - +4 ring of dexterity
MPRegen  0.36/turn              (no ring)

@: no status effects
A: fangs 2, regeneration 1, magic shield, antimagic bite, no potion heal 3, rot
immunity
a: Renounce Religion


You were on level 4 of the Dungeon.
You worshipped Uskayaw.
Uskayaw was noncommittal.
You were not hungry.

You visited 1 branch of the dungeon, and saw 4 of its levels.

You collected 176 gold pieces.

Inventory:

Hand Weapons
 a - a +0 long sword (weapon)
 C - a +3 whip
 E - a +0 hunting sling of flaming
Missiles
 k - 82 stones (quivered)
 p - 2 curare-tipped darts
 q - 16 boomerangs
 u - 25 sling bullets
Armour
 c - a +0 shield (worn)
 o - a +0 pair of gloves (worn)
 D - a +2 chain mail of cold resistance (worn)
Jewellery
 n - an amulet of magic regeneration (around neck)
 y - a +4 ring of dexterity (left hand)
Wands
 g - a wand of acid (9)
 w - a wand of random effects (8)
 z - a wand of digging (4)
Scrolls
 e - 5 scrolls of remove curse
 h - a scroll of enchant armour
 i - 2 scrolls of teleportation
 j - a scroll of immolation
 l - a scroll of magic mapping
 t - a scroll of blinking
 v - 2 scrolls of fog
 A - a scroll of random uselessness {unknown}
 B - a scroll of fear {unknown}
Potions
 d - a potion of might
 m - 2 potions of brilliance {unknown}
 r - 2 potions of magic {unknown}
 s - 2 potions of mutation {unknown}
 x - 2 potions of ambrosia {unknown}
Comestibles
 b - 5 chunks of flesh
 f - 10 rations


   Skills:
 + Level 4.0 Fighting
 + Level 3.3 Long Blades
 + Level 3.6 Armour
 + Level 2.4 Dodging
 + Level 4.0 Shields
 * Level 0.8 Invocations
 * Level 0.7 Evocations


You had 6 spell levels left.
You didn't know any spells.
Your spell library contained the following spells:

 Spells                   Type           Power        Failure   Level  Hunger
 Animate Skeleton         Necr           N/A          100%        1    ##.....
 Apportation              Tloc           #.....       100%        1    ##.....
 Corona                   Hex            #......      100%        1    ##.....
 Summon Small Mammal      Summ           #...         100%        1    ##.....


Dungeon Overview and Level Annotations

Branches:
Dungeon (4/15)
 Temple: D:4-7

Altars:
Elyvilon
Qazlal
Uskayaw
Xom
Yredelemnul


Innate Abilities, Weirdness & Mutations

You have extremely sharp teeth.
Your natural rate of healing is unusually fast.
When hurt, damage is shared between your health and your magic reserves.
Your bite disrupts and absorbs the magic of your enemies.
Potions cannot restore your health.
You are immune to rotting.


Message History

An ogre comes into view. It is wielding a +0 giant club.
The ogre shouts!
Found a hand axe.
You barely miss the ogre. You bite the ogre. You drain its power.
The ogre is lightly wounded.
The ogre hits you with a +0 giant club!
You hit the ogre but do no damage. You bite the ogre. You drain its power.
You feel invigorated.
The ogre is moderately wounded.
You block the ogre's attack.
You hit the ogre but do no damage.
The ogre is moderately wounded.
The ogre hits you with a +0 giant club!
You stomp with the beat, sending a shockwave through the revelers around you!
The ogre is heavily wounded.
You feel somewhat more hungry.
You can no longer stomp with the beat.
The ogre hits you with a +0 giant club!!
Ouch! That really hurt!
You die...

# #..... # #.##.. #
#.##.# # #.##.#
############.##.########
....................<...
########>....###.###.###
# #.#.### #.# .# #.#.#
#@# .# #.#.# #.O..)...
#.#.# ..###..## #.#.#
##.# .. #.#.# #.# #.#.#
#.# #.# #.# #.#


You could see an ogre.

Vanquished Creatures
  Sigmund (D:2)
  A bullfrog (D:3)
  An orc wizard (D:3)
  Ijyb (D:3)
  Terence (D:2)
  Natasha (thrice) (D:2)
  Robin (D:2)
  2 adders
  7 gnolls (D:2)
  A worm (D:3)
  2 dart slugs (D:1)
  2 leopard geckos
  10 orcs (D:3)
  A ball python (D:2)
  3 bats
  6 giant cockroaches
  10 goblins
  13 hobgoblins
  4 jackals
  6 kobolds
  A quokka (D:3)
  3 frilled lizards
  11 rats
  A spectral orc (D:3)
92 creatures vanquished.

Notes
Turn   | Place    | Note
-------+----------+-------------------------------------------
     0 | D:1      | DerDa the Vine Stalker Fighter began the quest for the Orb.
     0 | D:1      | Reached XP level 1. HP: 11/11 MP: 2/2
    59 | D:1      | Reached XP level 2. HP: 7/16 MP: 3/3
   614 | D:1      | Reached XP level 3. HP: 19/19 MP: 4/4
   994 | D:2      | Noticed Natasha
   997 | D:2      | Killed Natasha
   997 | D:2      | Reached skill level 1 in Dodging
   997 | D:2      | Gained mutation: Your natural rate of healing is unusually
                  | fast. [Vine Stalker growth]
   997 | D:2      | Reached XP level 4. HP: 18/24 MP: 5/5
  1056 | D:2      | Found a hide-covered altar of Uskayaw.
  1059 | D:2      | Became a worshipper of Uskayaw the Reveler
  1071 | D:2      | Reached * piety under Uskayaw
  1075 | D:2      | Reached ** piety under Uskayaw
  1087 | D:2      | Reached *** piety under Uskayaw
  1092 | D:2      | Noticed Natasha
  1108 | D:2      | Killed Natasha
  1113 | D:2      | Reached XP level 5. HP: 24/28 MP: 4/6
  1134 | D:2      | Noticed Natasha
  1141 | D:2      | Killed Natasha
  1248 | D:2      | Noticed Sigmund
  1263 | D:2      | Killed Sigmund
  1263 | D:2      | Reached XP level 6. HP: 7/33 MP: 3/7
  1376 | D:2      | Reached **** piety under Uskayaw
  1474 | D:2      | Noticed Robin
  1488 | D:2      | Killed Robin
  1569 | D:2      | Noticed Terence
  1583 | D:2      | Killed Terence
  1837 | D:3      | Noticed Ijyb
  1852 | D:3      | Killed Ijyb
  1927 | D:3      | Reached XP level 7. HP: 37/37 MP: 8/8
  1974 | D:3      | Found a basalt altar of Yredelemnul.
  2307 | D:3      | Found a white marble altar of Elyvilon.
  2412 | D:3      | Found a stormy altar of Qazlal.
  2412 | D:3      | Found a shimmering altar of Xom.
  2675 | D:4      | Mangled by an ogre

Levels and vault maps discovered:
D:1:      evilmike_arrival_crescent, layout_loops_ring, minmay_pentomino_p2
D:2:      layout_loops_ring, lemuel_doored_altar, uniq_terence, uniq_robin,
          uniq_sigmund, uniq_natasha
D:3:      layout_loops_ring, gammafunk_temple_overflow_elements,
          yredelemnul_forgotten_temple_becter, marbit_many_paths, uniq_ijyb
D:4:      layout_loops_ring, uniq_edmund

Skill      XL: |  1  2  3  4  5  6  7 |
---------------+----------------------+-----
Long Blades    | 2 3 |  3.3
Shields        | 3 4 |  4.0
Fighting       | 3 4 |  4.0
Dodging        | 1 2 |  2.4
Armour         | 3 |  3.6
Invocations    | |  0.8
Evocations     | |  0.7

Action                   |  1- 3 |  4- 6 |  7- 9 || total
-------------------------+-------+-------+-------++-------
Melee: Long sword        |    68 |   131 |    87 ||   286
       Bite              |    23 |    42 |    31 ||    96
Invok: Stomp             |       |     2 |     1 ||     3
       Line Pass         |       |       |     1 ||     1
  Use: Scroll            |       |       |     7 ||     7
 Stab: Paralysed         |       |     2 |     2 ||     4
  Eat: Chunk             |       |     4 |     3 ||     7
Armor: Scale mail        |    23 |    41 |    14 ||    78
       Chain mail        |       |       |    35 ||    35
Dodge: Dodged            |    20 |    46 |    21 ||    87
Block: Shield            |    28 |    72 |    38 ||   138
       Rpst.: Long sword |     5 |     8 |     3 ||    16

Table legend:
 A = Non-vault XP
 B = Vault XP
 C = Vault XP percentage of total XP
 D = Non-vault monster count
 E = Vault monster count
 F = Vault count percentage of total count
                 A         B        C        D         E       F
            +---------+---------+-------+---------+---------+-------
      Total |     455 |     359 |  44.1 |      77 |      15 |  16.3
            +---------+---------+-------+---------+---------+-------
        D:1 |      48 |       4 |   7.7 |      25 |       2 |   7.4
        D:2 |     206 |     317 |  60.6 |      23 |      10 |  30.3
        D:3 |     184 |      38 |  17.1 |      27 |       3 |  10.0
        D:4 |      17 |       0 |   0.0 |       2 |       0 |   0.0
            +---------+---------+-------+---------+---------+-------
